 Dungeon Crawl Stone Soup version 0.32-a0-898-g7811c86cf0 (webtiles) character file.

Game seed: 3605888457649539893

1122 GiantSquids the Cleaver (level 8, 63/63 HPs)
             Began as a Mountain Dwarf Fighter on Apr 4, 2024.
             Was an Initiate of Makhleb.
             Quit the game in the Ecumenical Temple.
             The game lasted 00:07:26 (4634 turns).

GiantSquids the Cleaver (Mountain Dwarf Fighter)    Turns: 4634, Time: 00:07:26

Health: 63/63      AC:  8    Str: 21    XL:     8   Next: 12%
Magic:  8/8        EV:  8    Int:  9    God:    Makhleb [......]
Gold:   417        SH:  4    Dex:  9    Spells: 7/7 levels left

rFire   . . .        a - +0 war axe
rCold   . . .        c - +0 buckler
rNeg    . . .        b - +0 scale mail
rPois   .            q - +0 helmet
rElec   .            (no cloak)
rCorr   +            (no gloves)
SInv    .            (no boots)
Will    .....        (no amulet) Stlth
                     m - ring of resist corrosion
HPRegen 0.30/turn    (no ring)
MPRegen 0.11/turn

%: no passive effects
@: no status effects
A: runic magic, artefact enchanting
a: Renounce Religion


You were in the Ecumenical Temple.
You worshipped Makhleb.
Makhleb was noncommittal.
You visited 2 branches of the dungeon, and saw 6 of its levels.

You collected 417 gold pieces.

Inventory:

Hand Weapons
 a - a +0 war axe (weapon)
Missiles
 p - 35 stones (quivered)
Armour
 b - a +0 scale mail (worn)
 c - a +0 buckler (worn)
 q - a +0 helmet (worn)
 y - a +0 plate armour
Jewellery
 m - a ring of resist corrosion (left hand)
 t - a ring of wizardry
 v - an amulet of magic regeneration
Talismans
 l - a talisman of death
Scrolls
 h - a scroll of revelation {unknown}
 i - 5 scrolls of identify {unknown}
 j - a scroll of amnesia {unknown}
 k - 2 scrolls of immolation {unknown}
 o - 2 scrolls of vulnerability {unknown}
 s - 2 scrolls of blinking {unknown}
 u - a scroll of enchant weapon {unknown}
 w - a scroll of noise {unknown}
 x - a scroll of teleportation {unknown}
Potions
 d - 4 potions of heal wounds {unknown}
 e - a potion of cancellation {unknown}
 f - a potion of resistance {unknown}
 g - a potion of attraction {unknown}
 n - a potion of lignification {unknown}
 r - a potion of curing {unknown}
 z - a potion of haste {unknown}


   Skills:
 - Level 3.2 Fighting
 + Level 11.7 Axes
 - Level 3.2 Armour
 - Level 3.2 Shields


You had 7 spell levels left.
You didn't know any spells.
Your spell library contained the following spells:

 Spells                   Type           Power      Damage    Failure   Level
 Apportation              Tloc           0%         N/A       54%         1
 Freeze                   Ice            0%         1d3       54%         1
 Necrotise                Necr           0%         1d4       54%         1
 Slow                     Hex            0%         N/A       54%         1
 Sting                    Conj/Alch      0%         1d3       54%         1
 Summon Small Mammal      Summ           0%         N/A       54%         1
 Confusing Touch          Hex            0%         N/A       88%         3
 Frozen Ramparts          Ice            0%         1d1       88%         3
 Hailstorm                Conj/Ice       0%         3d5       88%         3
 Vampiric Draining        Necr           0%         2d6       88%         3
 Brom's Barrelling Bould  Conj/Erth      0%         2d3       99%         4
 Martyr's Knell           Necr/Summ      0%         N/A       99%         4
 Curse of Agony           Necr           0%         N/A       100%        5
 Fireball                 Conj/Fire      0%         3d3       100%        5
 Iskenderun's Battlesphe  Conj           0%         2d6       100%        5
 Conjure Ball Lightning   Conj/Air       0%         3x3d6     100%        6
 Sculpt Simulacrum        Ice/Alch       0%         N/A       100%        6
 Orb of Destruction       Conj           0%         9d5       100%        7
 Ozocubu's Refrigeration  Ice            0%         4d7       100%        7
 Polar Vortex             Ice            0%         N/A       100%        9


Dungeon Overview and Level Annotations

Branches:
Dungeon (5/15)             Temple (1/1) D:5

Altars:
Cheibriados
Dithmenos
Elyvilon
Fedhas
Gozag
Hepliaklqana
Kikubaaqudgha
Makhleb
Nemelex Xobeh
Trog
Vehumet
Wu Jian
Xom
The Shining One


Innate Abilities, Weirdness & Mutations

Your spellcasting is much less encumbered by armour.
You can use scrolls of enchantment on lesser artefacts.


Message History

The howler monkey hits you but does no damage.
You slash the howler monkey!
The howler monkey is severely wounded.
The howler monkey barely misses you.
You closely miss the howler monkey.
The howler monkey is severely wounded.
The howler monkey barely misses you.
You barely miss the howler monkey.
The howler monkey is severely wounded.
The howler monkey hits you.
You closely miss the howler monkey.
The howler monkey is severely wounded.
The howler monkey hoots and howls with incredible vigour!
The howler monkey hits you but does no damage.
You hit the howler monkey.
The howler monkey is almost dead.
You block the howler monkey's attack.
You barely miss the howler monkey.
The howler monkey is almost dead.
The howler monkey hits you.
You closely miss the howler monkey.
The howler monkey is almost dead.
The howler monkey hits you but does no damage.
You closely miss the howler monkey.
The howler monkey is almost dead.
The howler monkey closely misses you.
You slash the howler monkey!
You kill the howler monkey!
Key pressed, stopping travel.
There is an open door, spattered with blood here.
There is an open door here.
There is a staircase to the Ecumenical Temple here.
You climb downwards.
Welcome to the Ecumenical Temple!
Found twelve altars.
Found a staircase back to the Dungeon.
There is a staircase back to the Dungeon here.
Why would you want to do that?
There is a burning altar of Makhleb here.
You kneel at the altar of Makhleb.
Makhleb welcomes you!
Are you sure you want to abandon this character and quit the game? (Confirm with "yes".)

#..≈≈≈≈.≈≈≈≈..#
#_...≈...≈..._#
#......<......#
#_...≈...≈..._#
#..≈≈≈≈.≈≈≈≈..#
#⌠...≈...≈...⌠#
##...≈...≈...##
##_......._##
##._.ß.@.##
#########


There were no monsters in sight!

Vanquished Creatures
  Menkaure (D:5)
  An ice beast (D:5)
  A black bear (D:5)
  An orc warrior (D:5)
  A sky beast (D:3)
  A scorpion (D:4)
  2 howler monkeys (D:5)
  A jelly (D:4)
  3 hounds
  A sleepcap (D:4)
  3 orc wizards
  Robin (D:3)
  9 adders
  2 white imps
  2 ufetubi (D:5)
  2 dart slugs
  16 orcs
  5 bats
  2 endoplasms (D:1)
  14 giant cockroaches
  12 hobgoblins
  5 jackals
  4 quokkas
  6 ball pythons
  7 frilled lizards
  22 goblins
  10 kobolds
  7 rats
142 creatures vanquished.

Notes
Turn   | Place    | Note
-------+----------+-------------------------------------------
     0 | D:1      | GiantSquids the Mountain Dwarf Fighter began the quest for
                  | the Orb.
     0 | D:1      | Reached XP level 1. HP: 19/19 MP: 1/1
     2 | D:1      | Noticed a formicid
     2 | D:1      | Noticed an elf
     4 | D:1      | Noticed a felid
     4 | D:1      | Noticed a demonspawn
     6 | D:1      | Noticed an oni
     6 | D:1      | Noticed a tengu
     8 | D:1      | Noticed a minotaur
    10 | D:1      | Noticed a demigod
    12 | D:1      | Noticed a gargoyle
    12 | D:1      | Noticed a vampire
    14 | D:1      | Noticed a merfolk
    14 | D:1      | Noticed an octopode
    16 | D:1      | Noticed an armataur
    18 | D:1      | Noticed a draconian
    20 | D:1      | Noticed a naga
    20 | D:1      | Noticed a vine stalker
    22 | D:1      | Noticed a troll
    22 | D:1      | Noticed a ghoul
    24 | D:1      | Noticed a barachi
    24 | D:1      | Noticed a spriggan
    26 | D:1      | Noticed a djinni
    26 | D:1      | Noticed a dwarf
    28 | D:1      | Noticed a human
   123 | D:1      | Reached skill level 3 in Axes
   186 | D:1      | Reached XP level 2. HP: 25/26 MP: 2/2
   381 | D:1      | Reached skill level 4 in Axes
   621 | D:2      | Reached XP level 3. HP: 23/31 MP: 3/3
   831 | D:2      | Found a faded altar of an unknown god.
  1142 | D:2      | Reached skill level 5 in Axes
  1161 | D:2      | Reached XP level 4. HP: 38/38 MP: 4/4
  1678 | D:3      | Noticed Robin
  1689 | D:3      | Reached skill level 6 in Axes
  1704 | D:3      | Killed Robin
  1978 | D:3      | Noticed a sky beast
  1979 | D:3      | Reached XP level 5. HP: 41/45 MP: 5/5
  2005 | D:3      | Killed a sky beast
  2006 | D:3      | Reached skill level 7 in Axes
  2411 | D:4      | Reached XP level 6. HP: 47/51 MP: 6/6
  2444 | D:4      | Reached skill level 8 in Axes
  2827 | D:4      | Reached skill level 9 in Axes
  3243 | D:5      | Entered Level 5 of the Dungeon
  3254 | D:5      | Noticed an ice beast
  3255 | D:5      | Found an ancient bone altar of Kikubaaqudgha.
  3266 | D:5      | Killed an ice beast
  3267 | D:5      | Reached XP level 7. HP: 37/57 MP: 7/7
  3473 | D:5      | Noticed Menkaure
  3482 | D:5      | Killed Menkaure
  3483 | D:5      | Reached skill level 10 in Axes
  3932 | D:5      | Reached skill level 11 in Axes
  4044 | D:5      | Reached XP level 8. HP: 54/63 MP: 8/8
  4292 | D:5      | Found a hazy altar of Hepliaklqana.
  4367 | D:5      | Found a staircase to the Ecumenical Temple.
  4623 | Temple   | Entered the Ecumenical Temple
  4633 | Temple   | Became a worshipper of Makhleb the Destroyer
  4634 | Temple   | Quit the game

Illustrated notes

Levels and vault maps discovered:
D:1:      kb_arrival_jail, layout_basic, minmay_tripent
D:2:      minmay_roachtagon, layout_loops_ring,
          hellmonk_ecumenical_altar_lost_god
D:3:      layout_rooms, minmay_vboxes, uniq_robin
D:4:      layout_gridville, grunt_decor_clamped, minmay_misc_feat_rows,
          chequers_serial_rivers_small_a, corexii_corridor_pit
D:5:      layout_loops_corners, lemuel_tele_altar,
          nicolae_hepliaklqana_hazy_memory, minmay_temple_entry_poolview,
          serial_park_tiny_1, uniq_menkaure
Temple:   nicolae_temple_no_exploring_needed

Skill      XL: |  1  2  3  4  5  6  7 |
---------------+----------------------+-----
Axes           | 3 4 5 6 7 9 11 | 11.7
Fighting       | |  3.2
Armour         | |  3.2
Shields        | |  3.2

Action                     |  1- 3 |  4- 6 |  7- 9 || total
---------------------------+-------+-------+-------++-------
  Melee: War axe           |   114 |   197 |   114 ||   425
    Use: Potion            |       |     1 |       ||     1
 Armour: Scale mail        |    80 |   170 |    85 ||   335
  Dodge: Dodged            |    48 |    88 |    57 ||   193
  Block: Buckler           |    28 |    34 |    19 ||    81

Table legend: (Time is in decaauts)
 A = Elapsed time spent in this place.
 B = Non-inter-level travel time spent in this place.
 C = Inter-level travel time spent in this place.
 D = Time resting spent in this place.
 E = Time spent auto-exploring this place.
 F = Levels seen in this place.
 G = Mean time per level.
                   A        B        C        D        E       F      G
               +--------+--------+--------+--------+--------+-----+--------+
         Total |   4709 |   4571 |    138 |    153 |   3545 |   6 |  784.8 |
       Dungeon |   4698 |   4563 |    135 |    153 |   3545 |   5 |  939.6 |
        Temple |     10 |      7 |      3 |      0 |      0 |   1 |   10.0 |
               +--------+--------+--------+--------+--------+-----+--------+

Top non-repeatable levels by time:
     D:5: 1381 daAuts
     D:3: 923 daAuts
     D:2: 917 daAuts
     D:4: 849 daAuts
     D:1: 628 daAuts
  Temple: 10 daAuts
